 Dungeon Crawl Stone Soup version 0.31-a0-1589-g8f5e8aebd6 (webtiles) character file.

Game seed: 12559561013065240133

3448 CougarLife the Grappler (level 10, 0/76 HPs)
             Began as a Gnoll Shapeshifter on Jan 5, 2024.
             Was a Believer of Okawaru.
             Slain by Amaemon
             ... wielding a -1 demon whip of venom
              (2 damage)
             ... on level 9 of the Dungeon.
             The game lasted 00:18:47 (5851 turns).

CougarLife the Grappler (Gnoll Shapeshifter)        Turns: 5851, Time: 00:18:48

Health: 0/76       AC:  4    Str: 19    XL:     10   Next: 6%
Magic:  17/17      EV: 19    Int:  9    God:    Okawaru [**....]
Gold:   472        SH:  0    Dex: 11    Spells: 19/19 levels left

rFire   . .          .
                       - Unarmed
rCold   . . .        (no shield)
rNeg    . . .        G - +2 robe {Will+}
rPois   .            K - melded +0 helmet
rElec   .            j - melded +0 cloak
rCorr   .            t - melded +2 pair of gloves of Juhysis {Will++ Str+2}
SInv    .            p - melded +0 pair of boots
Will    +....        q - amulet of regeneration
Stlth   +++          L - +4 ring of slaying
HPRegen 1.12/turn    I - +5 ring of evasion
MPRegen 0.15/turn

%: no passive effects
@: lethally poisoned (0 -> -16), beast-form, studying Stealth
A: beast (slay +4), fangs 1, strong nose, distributed training
a: Begin Untransformation, Renounce Religion, Heroism


You were on level 9 of the Dungeon.
You worshipped Okawaru.
Okawaru was pleased with you.
You were a hulking beast.
You visited 2 branches of the dungeon, and saw 10 of its levels.

You collected 472 gold pieces.

Inventory:

Missiles
 v - 15 poisoned darts (quivered)
 w - 3 boomerangs
Armour
 a - a +2 leather armour of cold resistance
 j - a +0 cloak (melded)
 p - a +0 pair of boots (melded)
 t - the +2 pair of gloves of Juhysis (melded) {Will++ Str+2}
   (You found it on level 3 of the Dungeon)

   Str+2:     It affects your strength (+2).
   Will++:    It greatly increases your willpower.
 G - a +2 robe of willpower (worn)
 K - a +0 helmet (melded)
Jewellery
 q - an amulet of regeneration (around neck)
 H - a ring of protection from fire
 I - a +5 ring of evasion (right hand)
 J - a ring of protection from fire
 L - a +4 ring of slaying (left hand)
Talismans
 c - a beast talisman (active)
 d - a flux talisman
Wands
 O - a wand of mindburst (31)
 Q - a wand of iceblast (9)
Scrolls
 e - a scroll of enchant armour {unknown}
 f - 4 scrolls of teleportation
 k - 4 scrolls of vulnerability
 l - a scroll of acquirement {unknown}
 m - 4 scrolls of immolation
 o - a scroll of fear {unknown}
 s - 4 scrolls of enchant weapon
 y - 2 scrolls of revelation
 D - 3 scrolls of poison
 M - a scroll of noise {unknown}
 N - 2 scrolls of fog
 P - a scroll of silence {unknown}
Potions
 b - a potion of lignification
 h - 3 potions of curing
 i - 2 potions of cancellation
 n - 2 potions of haste {unknown}
 r - 3 potions of heal wounds {unknown}
 u - 5 potions of mutation
 x - a potion of enlightenment {unknown}
 z - 2 potions of berserk rage {unknown}
 A - 2 potions of brilliance {unknown}
 B - a potion of attraction {unknown}
 C - a potion of degeneration {unknown}
 E - 2 potions of might {unknown}
 F - a potion of resistance {unknown}


   Skills:
 + Level 5.7 Fighting
 + Level 5.0 Short Blades
 + Level 5.0 Long Blades
 + Level 5.0 Axes
 + Level 5.0 Maces & Flails
 + Level 5.0 Polearms
 + Level 5.0 Staves
 + Level 5.0 Ranged Weapons
 + Level 5.0 Throwing
 + Level 5.0 Armour
 + Level 6.9 Dodging
 + Level 7.1 Stealth
 + Level 5.0 Shields
 + Level 8.4 Unarmed Combat
 + Level 5.0 Spellcasting
 + Level 4.2 Conjurations
 + Level 4.2 Hexes
 + Level 4.2 Summonings
 + Level 4.2 Necromancy
 + Level 4.2 Translocations
 + Level 4.2 Fire Magic
 + Level 4.2 Ice Magic
 + Level 4.2 Air Magic
 + Level 4.2 Earth Magic
 + Level 4.2 Alchemy
 + Level 5.5 Invocations
 + Level 5.0 Evocations
 + Level 8.1 Shapeshifting


You had 19 spell levels left.
You didn't know any spells.
Your spell library contained the following spells:

 Spells                   Type           Power      Damage    Failure   Level
 Apportation              Tloc           18%        N/A       4%          1
 Kiss of Death            Conj/Necr      36%        2d8       4%          1
 Sandblast                Erth           18%        2d7       4%          1
 Jinxbite                 Hex            18%        N/A       7%          2
 Confusing Touch          Hex            9%         N/A       13%         3
 Passwall                 Erth           9%         N/A       13%         3
 Stone Arrow              Conj/Erth      18%        3d8       13%         3
 Brom's Barrelling Bould  Conj/Erth      9%         2d3       41%         4
 Dispel Undead            Necr           9%         3d8       41%         4
 Alistair's Intoxication  Alch           6%         N/A       77%         5
 Summon Small Mammal      Summ           Unusable   N/A       N/A         1
 Call Canine Familiar     Summ           Unusable   N/A       N/A         3
 Summon Blazeheart Golem  Fire/Summ      Unusable   N/A       N/A         4

Dungeon Overview and Level Annotations

Branches:
Dungeon (9/15)             Temple (1/1) D:5
   Lair: D:8-11         Orc: D:9-12

Altars:
Ashenzari
Cheibriados
Dithmenos
Elyvilon
Fedhas
Gozag
Hepliaklqana
Kikubaaqudgha
Makhleb
Nemelex Xobeh
Okawaru
Qazlal
Ru
Sif Muna
Trog
Uskayaw
Vehumet
Wu Jian
Xom
Yredelemnul
Zin
The Shining One

Shops:
D:9 ?

Annotations:
D:7 exclusion: ice statue
D:9 Amaemon
Temple 2 transporters


Innate Abilities, Weirdness & Mutations

You are a hulking beast.
Your limbs bulge with bestial killing power. (Slay +4)
You have very sharp teeth.
Your uncanny sense of smell can sniff out nearby items.
Your experience applies equally to all skills.


Message History

Amaemon completely misses you. Amaemon tail-slaps you.
The scorpion barely misses you.
You punch Amaemon!
Amaemon is heavily wounded.
You kill the scorpion!
The scorpion's corpse disappears in a puff of smoke!
Amaemon barely misses you. Amaemon completely misses you. x2
The orange demon barely misses you.
The scorpion stings you but does no damage.
You barely miss Amaemon.
Amaemon is heavily wounded.
Amaemon hits you with a -1 demon whip of venom!
You are poisoned.
Amaemon barely misses you. Amaemon tail-slaps you.
The orange demon stings you from afar! The scorpion misses you.
You hit Amaemon.
Amaemon is severely wounded.
You feel very sick. Amaemon closely misses you. Amaemon barely misses you.
Amaemon tail-slaps you but does no damage.
The orange demon stings you from afar. The scorpion misses you.
You punch Amaemon!
Amaemon is severely wounded.
You feel very sick. The scorpion closely misses you.
Amaemon points at the orange demon and mumbles some strange words.
The orange demon's venom grows more potent.
The orange demon barely misses you.
You punch Amaemon! You bite Amaemon!
Amaemon is almost dead.
You feel very sick. The scorpion closely misses you.
You hit Amaemon but do no damage. You bite Amaemon.
Amaemon is almost dead.
You feel sick.
Amaemon hits you with a -1 demon whip of venom!
* * * LOW HITPOINT WARNING * * *
You are more poisoned.
Amaemon misses you. Amaemon tail-slaps you.
You die...

#..(.....#
#(.......#
..........#
..........#
..........#
.......4.#
......6.s#
#...h#
#....#
#....#
#....#
#....#
#....#
#....#
#....#
#....#


You could see Amaemon, an orange demon (curare) and a scorpion (summoned).

Vanquished Creatures
  A troll (D:9)
  Sigmund (D:5)
  2 wyverns (D:7)
  A shadow (D:8)
  Eustachio (D:5)
  Edmund (D:5)
  A water moccasin (D:8)
  3 black bears
  3 orc warriors (D:8)
  An ogre (D:5)
  2 phantoms
  A kobold brigand (D:8)
  Blork the orc (D:5)
  A bullfrog (D:7)
  A gnoll sergeant (D:8)
  2 scorpions
  3 killer bees (D:8)
  3 howler monkeys
  2 orc priests (D:8)
  3 bombardier beetles
  5 jellies
  8 hounds
  An iguana (D:7)
  3 sleepcaps
  An orc wizard (D:5)
  3 gnolls (D:8)
  4 adders
  A white imp (D:7)
  A dart slug (D:1)
  3 ribbon worms
  21 orcs
  3 endoplasms
  7 giant cockroaches
  8 goblins
  8 hobgoblins
  5 jackals
  10 quokkas
  5 ball pythons
  7 bats
  5 frilled lizards
  10 kobolds
  4 rats
157 creatures vanquished.

Notes
Turn   | Place    | Note
-------+----------+-------------------------------------------
     0 | D:1      | CougarLife the Gnoll Shapeshifter began the quest for the
                  | Orb.
     0 | D:1      | Reached XP level 1. HP: 17/17 MP: 1/1
   124 | D:1      | Reached XP level 2. HP: 23/23 MP: 2/2
   330 | D:1      | Reached XP level 3. HP: 25/28 MP: 3/3
   596 | D:2      | Reached skill level 1 in Invocations
   837 | D:2      | Reached skill level 1 in Short Blades
   837 | D:2      | Reached skill level 1 in Long Blades
   837 | D:2      | Reached skill level 1 in Axes
   837 | D:2      | Reached skill level 1 in Maces & Flails
   837 | D:2      | Reached skill level 1 in Polearms
   837 | D:2      | Reached skill level 1 in Staves
   837 | D:2      | Reached skill level 1 in Ranged Weapons
   837 | D:2      | Reached skill level 1 in Throwing
   837 | D:2      | Reached skill level 1 in Armour
   837 | D:2      | Reached skill level 1 in Stealth
   837 | D:2      | Reached skill level 1 in Shields
   837 | D:2      | Reached skill level 1 in Spellcasting
   837 | D:2      | Reached skill level 1 in Evocations
   864 | D:2      | Reached XP level 4. HP: 30/34 MP: 5/5
  1267 | D:3      | Identified the +2 pair of gloves of Juhysis {Will++ Str+2}
  1311 | D:3      | Reached skill level 1 in Conjurations
  1311 | D:3      | Reached skill level 1 in Hexes
  1311 | D:3      | Reached skill level 1 in Summonings
  1311 | D:3      | Reached skill level 1 in Necromancy
  1311 | D:3      | Reached skill level 1 in Translocations
  1311 | D:3      | Reached skill level 1 in Fire Magic
  1311 | D:3      | Reached skill level 1 in Ice Magic
  1311 | D:3      | Reached skill level 1 in Air Magic
  1311 | D:3      | Reached skill level 1 in Earth Magic
  1311 | D:3      | Reached skill level 1 in Alchemy
  1997 | D:4      | Noticed a scorpion
  2013 | D:4      | Killed a scorpion
  2014 | D:4      | Reached XP level 5. HP: 15/41 MP: 5/7
  2190 | D:4      | Reached XP level 6. HP: 42/47 MP: 8/8
  2197 | D:4      | Reached skill level 5 in Dodging
  2388 | D:5      | Entered Level 5 of the Dungeon
  2488 | D:5      | Noticed Sigmund
  2501 | D:5      | Found a staircase to the Ecumenical Temple.
  2665 | D:5      | Noticed a black bear
  2683 | D:5      | Killed a black bear
  2742 | D:5      | Reached XP level 7. HP: 52/52 MP: 10/10
  2770 | Temple   | Found a transporter.
  2770 | Temple   | Found a transporter.
  2770 | Temple   | Found a transporter.
  2770 | Temple   | Found a transporter.
  2770 | Temple   | Entered the Ecumenical Temple
  2805 | D:5      | Noticed Blork the orc
  2819 | D:5      | Killed Blork the orc
  2982 | D:5      | Killed Sigmund
  3042 | D:5      | Noticed Edmund
  3071 | D:5      | Killed Edmund
  3072 | D:5      | Reached XP level 8. HP: 8/60 MP: 12/12
  3171 | D:5      | Noticed Eustachio
  3185 | D:5      | Killed Eustachio
  3568 | D:6      | Found a shimmering blue altar of Sif Muna.
  3574 | D:6      | Found a basalt altar of Yredelemnul.
  3579 | D:6      | Found an opulent altar of Gozag.
  4159 | D:7      | Reached skill level 5 in Stealth
  4243 | D:7      | Noticed a wyvern
  4251 | D:7      | Killed a wyvern
  4252 | D:7      | Reached XP level 9. HP: 39/67 MP: 13/15
  4478 | D:7      | Found an iron altar of Okawaru.
  4482 | D:7      | Reached skill level 5 in Fighting
  4489 | D:7      | Became a worshipper of Warmaster Okawaru
  4717 | D:7      | Found a white marble altar of Elyvilon.
  4835 | D:7      | Noticed an ice statue
  5125 | D:8      | Reached * piety under Okawaru
  5126 | D:8      | Reached skill level 5 in Invocations
  5767 | D:9      | Found Resijo's Magic Scroll Shop.
  5800 | D:9      | Noticed a troll
  5805 | D:9      | Killed a troll
  5805 | D:9      | Reached ** piety under Okawaru
  5806 | D:9      | Reached skill level 5 in Short Blades
  5806 | D:9      | Reached skill level 5 in Long Blades
  5806 | D:9      | Reached skill level 5 in Axes
  5806 | D:9      | Reached skill level 5 in Maces & Flails
  5806 | D:9      | Reached skill level 5 in Polearms
  5806 | D:9      | Reached skill level 5 in Staves
  5806 | D:9      | Reached skill level 5 in Ranged Weapons
  5806 | D:9      | Reached skill level 5 in Throwing
  5806 | D:9      | Reached skill level 5 in Armour
  5806 | D:9      | Reached skill level 5 in Shields
  5806 | D:9      | Reached skill level 5 in Spellcasting
  5806 | D:9      | Reached skill level 5 in Evocations
  5806 | D:9      | Reached XP level 10. HP: 76/76 MP: 17/17
  5835 | D:9      | Noticed Amaemon
  5838 | D:9      | Noticed an orange demon
  5851 | D:9      | HP: 2/76 [Amaemon/-1 demon whip of venom (16)]
  5851 | D:9      | Slain by Amaemon

Illustrated notes

Levels and vault maps discovered:
D:1:      dpeg_arrival_short_road, layout_rooms
D:2:      layout_rooms
D:3:      layout_rooms, minivault_27, dk_noncrumbling_4, due_unseen_surprise
D:4:      layout_loops_cross, minmay_manual_moon
D:5:      layout_gridville, minmay_temple_entry_gardened_gates,
          uniq_blork_the_orc, uniq_sigmund, uniq_eustachio, uniq_edmund
D:6:      layout_basic, minmay_overflow_temple_star_quad
D:7:      lemuel_ice_statue, layout_rooms, mainiacjoe_overflow_catch_the_wave,
          minmay_misc_feat_nine_boxes, minmay_quadrilaterals
D:8:      layout_cave_pools, minmay_statues_item, minmay_between
D:9:      layout_irregular_city, serial_shops, nicolae_shop_trees,
          nicolae_shop_just_a_little_nook, nicolae_shop_statue_plus,
          nicolae_lakefront_shop, uniq_amaemon
Temple:   hellmonk_temple_divided_pantheon

Skill      XL: |  1  2  3  4  5  6  7  8  9 |
---------------+----------------------------+-----
Invocations    | 1 2 3 4 5 |  5.5
Short Blades   | 1 2 3 4 5 |  5.0
Long Blades    | 1 2 3 4 5 |  5.0
Axes           | 1 2 3 4 5 |  5.0
Maces & Flails | 1 2 3 4 5 |  5.0
Polearms       | 1 2 3 4 5 |  5.0
Staves         | 1 2 3 4 5 |  5.0
Ranged Weapons | 1 2 3 4 5 |  5.0
Throwing       | 1 2 3 4 5 |  5.0
Armour         | 1 2 3 4 5 |  5.0
Stealth        | 1 2 4 5 7 |  7.1
Shields        | 1 2 3 4 5 |  5.0
Spellcasting   | 1 2 3 4 5 |  5.0
Evocations     | 1 2 3 4 5 |  5.0
Conjurations   | 1 2 3 4 |  4.2
Hexes          | 1 2 3 4 |  4.2
Summonings     | 1 2 3 4 |  4.2
Necromancy     | 1 2 3 4 |  4.2
Translocations | 1 2 3 4 |  4.2
Fire Magic     | 1 2 3 4 |  4.2
Ice Magic      | 1 2 3 4 |  4.2
Air Magic      | 1 2 3 4 |  4.2
Earth Magic    | 1 2 3 4 |  4.2
Alchemy        | 1 2 3 4 |  4.2
Fighting       | 3 4 5 |  5.7
Dodging        | 5 6 |  6.9
Unarmed Combat | 7 8 |  8.4
Shapeshifting  | 7 8 |  8.1

Action                     |  1- 3 |  4- 6 |  7- 9 | 10-12 || total
---------------------------+-------+-------+-------+-------++-------
  Melee: Unarmed           |    72 |   115 |   186 |    12 ||   385
         Bite              |     3 |    14 |    22 |     3 ||    42
         Punch             |       |     8 |     9 |     1 ||    18
  Throw: Boomerang         |       |     5 |    55 |       ||    60
         Dart              |       |     7 |    82 |     4 ||    93
    Use: Potion            |       |     1 |       |       ||     1
         Scroll            |       |       |     9 |       ||     9
   Stab: Sleeping          |     4 |     2 |     9 |       ||    15
 Armour: Animal skin       |    40 |    58 |     5 |       ||   103
         Robe              |       |       |    63 |    13 ||    76
         Leather armour    |       |       |    24 |       ||    24
  Dodge: Dodged            |    58 |    61 |   137 |    30 ||   286
   Form: Beast             |     1 |     2 |     2 |       ||     5
                           |       |     2 |     2 |       ||     4

Table legend: (Time is in decaauts)
 A = Elapsed time spent in this place.
 B = Non-inter-level travel time spent in this place.
 C = Inter-level travel time spent in this place.
 D = Time resting spent in this place.
 E = Time spent auto-exploring this place.
 F = Levels seen in this place.
 G = Mean time per level.
                   A        B        C        D        E       F      G
               +--------+--------+--------+--------+--------+-----+--------+
         Total |   5791 |   5432 |    359 |    327 |   3600 |  10 |  579.1 |
       Dungeon |   5762 |   5411 |    351 |    327 |   3600 |   9 |  640.2 |
        Temple |     28 |     20 |      8 |      0 |      0 |   1 |   28.0 |
               +--------+--------+--------+--------+--------+-----+--------+

Top non-repeatable levels by time:
     D:5: 1009 daAuts
     D:7: 879 daAuts
     D:8: 737 daAuts
     D:4: 698 daAuts
     D:6: 646 daAuts
     D:3: 584 daAuts
     D:2: 571 daAuts
     D:1: 564 daAuts
     D:9: 69 daAuts
  Temple: 28 daAuts
